 Seeded DCSS version 0.28-a0-850-g09de17f5b5 (webtiles) character file.

Game seed: 20211114 (custom seed)

368 a11behringer the Insei (level 6, -5/47 HPs)
             Began as a Draconian Transmuter on Nov 14, 2021.
             Was a Priest of Fedhas.
             Killed from afar by an orc wizard (11 damage)
             ... with a puff of flame
             ... on level 4 of the Dungeon.
             The game lasted 00:14:22 (3012 turns).

a11behringer the Insei (Draconian Transmuter)       Turns: 3012, Time: 00:14:24

Health: -5/47      AC:  7    Str: 12    XL:     6   Next: 41%
Magic:  10/10      EV: 12    Int: 15    God:    Fedhas [***...]
Gold:   165        SH:  0    Dex: 12    Spells: 10/11 levels left

rFire   . . .      SeeInvis .     - Unarmed
rCold   . . .      Faith    .   (no shield)
rNeg    . . .      Spirit   .   (armour unavailable)
rPois   .          Reflect  .   (helmet currently unavailable)
rElec   .          Harm     .   b - +0 cloak
rCorr   .          Rampage  .   (no gloves)
Will    .....                   (boots currently unavailable)
Stlth   +.........              (no amulet)
HPRegen 0.15/turn               (no ring)
MPRegen 0.12/turn               (no ring)

@: appendages (expiring), slowed, very slow
A: horns 2, talons 2, AC +6, unfitting armour, cold-blooded
a: End Transformation, Renounce Religion, Wall of Briars, Grow Ballistomycete


You were on level 4 of the Dungeon.
You worshipped Fedhas.
Fedhas was most pleased with you.
You had temporarily grown beastly horns and talons.
You visited 1 branch of the dungeon, and saw 4 of its levels.

You collected 165 gold pieces.

Inventory:

Missiles
 a - a throwing net
Armour
 b - a +0 cloak (worn)
Jewellery
 c - a ring of fire
Scrolls
 e - a scroll of immolation
Potions
 d - a potion of might
 f - 3 potions of degeneration
 g - a potion of ambrosia {unknown}
 h - a potion of magic
 i - a potion of mutation {unknown}


   Skills:
 + Level 1.5 Fighting
 + Level 2.7 Dodging
 + Level 0.7 Stealth
 + Level 5.0 Unarmed Combat
 + Level 3.2 Spellcasting
 * Level 3.8 Transmutations


You had 10 spell levels left.
You knew the following spells:

 Your Spells              Type           Power      Damage    Failure   Level
a - Beastly Appendage     Tmut           26%        N/A       4%          1

Your spell library contained the following spells:

 Spells                   Type           Power      Damage    Failure   Level
 Wereblood                Tmut           13%        N/A       6%          2
 Slow                     Hex            8%         N/A       21%         1
 Spider Form              Tmut/Pois      8%         N/A       26%         3
 Confusing Touch          Hex            2%         N/A       52%         3
 Ice Form                 Ice/Tmut       8%         N/A       65%         4
 Yara's Violent Unravell  Hex/Tmut       4%         3d4       94%         5


Dungeon Overview and Level Annotations

Branches:
Dungeon (4/15)             Temple (0/1) D:4

Altars:
Fedhas
Nemelex Xobeh
Sif Muna
Uskayaw
Wu Jian


Innate Abilities, Weirdness & Mutations

You have temporarily grown beastly horns and talons.
Your plain brown scales are hard. (AC +6)
You cannot fit into any form of body armour.
You are cold-blooded and may be slowed by cold attacks.


Message History

You are confused.
The scorpion barely misses you.
You bump into the rock wall.
You feel sick.
The orc wizard mumbles some strange words.
The orc wizard flickers and vanishes!
Deactivating autopickup; reactivate with Ctrl-A.
The scorpion closely misses you.
You bump into the rock wall.
You feel sick. The scorpion barely misses you.
Your transformation is almost over.
You feel sick.
You punch something! Your kick misses something.
You feel sick.
You are no longer poisoned.
The scorpion stings you but does no damage.
Something hits you but does no damage.
You bump into the rock wall.
The scorpion barely misses you. Something hits you but does no damage.
The endoplasm freezes you.
You are frozen.
You feel yourself slow down. The endoplasm freezes you.
You are frozen.
* * * LOW HITPOINT WARNING * * *
You feel as though you will be slow longer.
The scorpion closely misses you.
Okay, then.
You are too confused!
Unknown command.
You feel less confused. The scorpion stings you.
* * * LOW HITPOINT WARNING * * *
The endoplasm closely misses you. The scorpion misses you.
Something hits you but does no damage. The endoplasm hits you.
* * * LOW HITPOINT WARNING * * *
Something hits you.
* * * LOW HITPOINT WARNING * * *
The scorpion barely misses you.
You hear some strange, mumbled words.
A puff of flame appears from out of thin air!
The puff of flame hits you!
You die...
Fedhas appreciates your contribution to the ecosystem.

....... .. .......# .##.####
........
##.....##.##.........≈.
#...........#..........
##...................... #
###....................._.
..#..............s.###......
..#.............@{J.).......
.....<..#....##......>....≈.
........#....####..)......≈.
.......###...##........##.≈.
.........[....#.........# ≈
.....#.....#.......(....#
#..###)†>..###...###......
#....#.....#..)...##......P
.............†............P.


You could see a scorpion and an endoplasm.

Vanquished Creatures
  An ogre (D:3)
  A hound (D:4)
  An iguana (D:4)
  Ijyb (D:3)
  An orc wizard (D:4)
  Natasha (thrice) (D:2)
  An adder (D:4)
  3 dart slugs
  2 orcs
  5 ball pythons
  4 bats
  14 endoplasms
  6 giant cockroaches
  9 hobgoblins
  4 jackals (D:3)
  6 quokkas
  4 frilled lizards
  6 goblins
  4 kobolds
  5 rats
81 creatures vanquished.

Vanquished Creatures (others)
  2 fungi (D:4)
2 creatures vanquished.

Grand Total: 83 creatures vanquished

Notes
Turn   | Place    | Note
-------+----------+-------------------------------------------
     0 | D:1      | a11behringer the Draconian Transmuter began the quest for
                  | the Orb.
     0 | D:1      | Reached XP level 1. HP: 16/16 MP: 3/3
   151 | D:1      | Found a faded altar of an unknown god.
   161 | D:1      | Reached XP level 2. HP: 5/23 MP: 1/5
   190 | D:1      | Prayed at the altar of an unknown god.
   190 | D:1      | Became a worshipper of Fedhas Madash
   190 | D:1      | Reached * piety under Fedhas
   812 | D:1      | Reached XP level 3. HP: 27/28 MP: 4/6
  1015 | D:1      | Reached ** piety under Fedhas
  1361 | D:2      | Noticed Natasha
  1395 | D:2      | Killed Natasha
  1497 | D:2      | Reached XP level 4. HP: 21/35 MP: 4/7
  1934 | D:2      | Noticed Natasha
  1945 | D:2      | Killed Natasha
  2008 | D:2      | Noticed Natasha
  2022 | D:2      | Killed Natasha
  2023 | D:2      | Reached skill level 4 in Unarmed Combat
  2194 | D:3      | Noticed Ijyb
  2221 | D:3      | Killed Ijyb
  2222 | D:3      | Reached XP level 5. HP: 26/40 MP: 9/9
  2291 | D:3      | Noticed an ogre
  2301 | D:3      | Found an ornate altar of the Wu Jian Council.
  2301 | D:3      | Found a hide-covered altar of Uskayaw.
  2314 | D:3      | Killed an ogre
  2373 | D:3      | Reached *** piety under Fedhas
  2491 | D:3      | Found a sparkling altar of Nemelex Xobeh.
  2552 | D:3      | Reached XP level 6. HP: 40/47 MP: 10/10
  2786 | D:4      | Found a staircase to the Ecumenical Temple.
  2994 | D:4      | Found a shimmering blue altar of Sif Muna.
  3004 | D:4      | Reached skill level 5 in Unarmed Combat
  3012 | D:4      | Killed from afar by an orc wizard

Illustrated notes

Levels and vault maps discovered:
D:1:      wheals_arrival_linesprint, layout_loops_cross,
          hellmonk_ecumenical_altar_pennies_from_heaven
D:2:      layout_rooms, minmay_puff, uniq_natasha
D:3:      layout_rooms, nemelex_spade_bored_becter,
          gammafunk_temple_overflow_pools, minmay_between, uniq_ijyb
D:4:      layout_cave_pools, mainiacjoe_overflow_boulevard,
          mainiacjoe_overflow_catwalk, minmay_temple_entry_tees,
          serial_column_ruins, column_ruins_grid_1,
          column_ruins_corridor_dead_end, column_ruins_grid_1,
          corexii_corridor_pit, uniq_eustachio

Skill      XL: |  1  2  3  4  5  6 |
---------------+-------------------+-----
Dodging        | 2 |  2.7
Transmutations | 3 |  3.8
Unarmed Combat | 4 5 |  5.0
Spellcasting   | 3 |  3.2
Fighting       | |  1.5
Stealth        | |  0.7

Action                   |  1- 3 |  4- 6 || total
-------------------------+-------+-------++-------
Melee: Unarmed           |    86 |   154 ||   240
       Kick              |    18 |    20 ||    38
       Headbutt          |    10 |    16 ||    26
       Tailslap          |     7 |    15 ||    22
       Punch             |       |     1 ||     1
 Cast: Beastly Appendage |    23 |    14 ||    37
Invok: Wall of Briars    |       |     1 ||     1
  Use: Scroll            |     5 |     1 ||     6
       Potion            |       |     1 ||     1
Armor: Skin              |    26 |    59 ||    85
Dodge: Dodged            |    53 |   117 ||   170

Table legend: (Time is in decaauts)
 A = Elapsed time spent in this place.
 B = Non-inter-level travel time spent in this place.
 C = Inter-level travel time spent in this place.
 D = Time resting spent in this place.
 E = Time spent auto-exploring this place.
 F = Levels seen in this place.
 G = Mean time per level.
                   A        B        C        D        E       F      G
               +--------+--------+--------+--------+--------+-----+--------+
         Total |   3001 |   2738 |    263 |      0 |   2114 |   4 |  750.2 |
       Dungeon |   3001 |   2738 |    263 |      0 |   2114 |   4 |  750.2 |
               +--------+--------+--------+--------+--------+-----+--------+

Top non-repeatable levels by time:
     D:1: 1158 daAuts
     D:2: 973 daAuts
     D:3: 646 daAuts
     D:4: 222 daAuts
